 Dungeon Crawl Stone Soup version 0.17-a0-877-ga10078a (webtiles) character file.

711 FedoraBrony69 the Ruffian (level 7, -1/71 HPs)
             Began as a Troll Monk on Apr 30, 2015.
             Slain by a slave (7 damage)
             ... led by Pikel
             ... on level 4 of the Dungeon.
             The game lasted 00:06:37 (2879 turns).

FedoraBrony69 the Ruffian (Troll Monk)              Turns: 2879, Time: 00:06:37

Health: -1/71      AC:  5    Str: 21    XL:     7   Next: 40%
Magic:  6/6        EV: 12    Int:  6    God:
Gold:   169        SH:  0    Dex: 13    Spells: 0 memorised, 6 levels left

rFire  . . .     SeeInvis .       - Unarmed
rCold  . . .     Clarity  .     a - +0 robe
rNeg   . . .     SustAb   .     (no shield)
rPois  .         Gourm    +     (helmet restricted)
rElec  .         Spirit   .     (no cloak)
rCorr  .         Warding  .     (gloves unavailable)
rMut   .         Stasis   .     (boots unavailable)
MR     .....                    (no amulet)
Stlth  +.........               (no ring)
                                (no ring)

@: not resistant to hostile enchantments, very unstealthy
A: unfitting armour, claws 3, fast metabolism 3, gourmand, regeneration 2,
shaggy fur 1, tough skin 2
a: no special abilities


You were on level 4 of the Dungeon.
You were very full.

You visited 2 branches of the dungeon, and saw 5 of its levels.

You collected 169 gold pieces.

Inventory:

Armour
 a - a +0 robe (worn)
Jewellery
 f - an uncursed amulet of resist mutation {unknown}
 s - a +3 ring of protection {unknown}
 x - a cursed ring of loudness {unknown}
Magical devices
 p - a wand of frost (34)
Scrolls
 d - a scroll of blinking {unknown}
 g - 3 scrolls of amnesia {unknown}
 h - 2 scrolls of fear {unknown}
 i - 3 scrolls of noise {unknown}
 k - a scroll of enchant weapon {unknown}
 l - a scroll of enchant armour {unknown}
 m - a scroll of random uselessness {unknown}
 n - 3 scrolls of identify {unknown}
 q - 2 scrolls of magic mapping {unknown}
 u - a scroll of remove curse {unknown}
 y - a scroll of teleportation {unknown}
Potions
 c - 2 potions of might {unknown}
 e - 2 potions of haste {unknown}
 j - 2 potions of flight {unknown}
 r - 4 potions of curing {unknown}
 v - 2 potions of brilliance {unknown}
 w - a potion of agility {unknown}
Comestibles
 b - 4 bread rations
 o - a slice of pizza
 t - 2 meat rations


   Skills:
 + Level 4.7 Fighting
 + Level 4.6 Dodging
 - Level 1.1 Stealth
 + Level 6.0 Unarmed Combat


You had 6 spell levels left.
You didn't know any spells.

Dungeon Overview and Level Annotations

Branches:
Dungeon (4/15)             Temple (1/1) D:4

Altars:
Cheibriados
Elyvilon
Fedhas
Kikubaaqudgha
Makhleb
Nemelex Xobeh
Qazlal
Ru
Trog
Yredelemnul
Zin
The Shining One

Annotations:
D:4 Pikel


Innate Abilities, Weirdness & Mutations

You are too large for most types of armour.
You have claws for hands.
Your metabolism is lightning-fast.
You like to eat raw meat.
You heal very quickly.
You are covered in fur (AC +1).
You have very tough skin (AC +2).


Message History

Pikel is moderately wounded.
The slave barely misses you. The slave hits you.
* * * LOW HITPOINT WARNING * * *
Pikel zaps a wand.
You resist with some effort. The kobold barely misses you. The slave hits you.
* * * LOW HITPOINT WARNING * * *
You claw Pikel!
Pikel is heavily wounded.
The slave closely misses you. The slave hits you.
* * * LOW HITPOINT WARNING * * *
Pikel says, "Slavery isn't that bad."
A kobold comes into view. It is wielding a club.
The kobold shouts!
You claw the kobold!
You kill the kobold!
The slave closely misses you. The slave barely misses you.
The slave completely misses you.
You barely miss the slave. The slave barely misses you.
The slave barely misses you. The slave hits you!
You die...

(................................
..≈.≈.≈.≈≈.≈≈.≈.≈.≈≈≈≈≈≈≈≈≈..≈≈≈≈
...≈≈≈≈≈≈≈≈≈≈≈≈≈≈≈≈≈≈≈≈≈≈≈≈≈≈≈≈≈≈
..≈≈≈≈≈≈≈≈≈≈≈≈≈≈≈≈≈≈≈≈≈≈≈≈≈≈≈≈≈≈≈
...≈≈≈≈≈≈≈≈≈≈≈≈≈≈≈≈≈≈≈≈≈≈#####≈≈≈
'######################### ≈≈ ).#
#.....KK...... (.#
+....pKpKK.....
..#########..?.p@pKK.....
...#..........########.K.
...'......÷...#
...#..........#######
..#########........... ..#
+.......... ..# #.......... ###
###########


You could see Pikel (bleeding), 4 slaves and 7 kobolds.

Vanquished Creatures
  Sigmund (D:3)
  An ogre (D:4)
  A big kobold (D:4)
  Blork the orc (D:4)
  3 orc priests (D:4)
  2 orc wizards (D:4)
  Jessica (D:3)
  Terence (D:3)
  A worker ant (D:4)
  2 adders
  An ooze (D:4)
  2 worms
  A giant gecko (D:2)
  An orc (D:4)
  8 giant cockroaches
  7 hobgoblins
  4 jackals (D:2)
  12 kobolds
  2 quokkas (D:2)
  A ball python (D:2)
  8 bats
  4 giant newts
  5 goblins
  9 rats
79 creatures vanquished.

Notes
Turn   | Place    | Note
--------------------------------------------------------------
     0 | D:1      | FedoraBrony69, the Troll Monk, began the quest for the Orb.
     0 | D:1      | Reached XP level 1. HP: 22/22 MP: 0/0
   274 | D:1      | Reached XP level 2. HP: 25/29 MP: 1/1
   900 | D:2      | Reached XP level 3. HP: 32/36 MP: 2/2
  1472 | D:3      | Noticed Terence
  1481 | D:3      | Killed Terence
  1481 | D:3      | Reached XP level 4. HP: 34/45 MP: 3/3
  1552 | D:3      | Noticed Sigmund
  1564 | D:3      | Killed Sigmund
  1564 | D:3      | Reached skill level 5 in Unarmed Combat
  1564 | D:3      | Reached XP level 5. HP: 32/54 MP: 4/4
  1785 | D:3      | Noticed Jessica
  1791 | D:3      | Killed Jessica
  1791 | D:3      | Reached XP level 6. HP: 34/62 MP: 5/5
  2114 | D:4      | Found a staircase to the Ecumenical Temple.
  2130 | Temple   | Entered the Ecumenical Temple
  2431 | D:4      | Noticed Blork the orc
  2438 | D:4      | Killed Blork the orc
  2621 | D:4      | Reached XP level 7. HP: 71/71 MP: 6/6
  2840 | D:4      | Reached skill level 6 in Unarmed Combat
  2863 | D:4      | Noticed Pikel
  2879 | D:4      | Slain by a slave

Action                   |  1- 3 |  4- 6 |  7- 9 || total
-------------------------+-------+-------+-------++-------
Melee: Unarmed           |   109 |    75 |    56 ||   240
 Stab: Sleeping          |     3 |     1 |       ||     4
  Eat: Chunk             |    15 |    10 |     6 ||    31
